 Dungeon Crawl Stone Soup version 0.31.0-1-g2c135a008e (webtiles) character file.

Game seed: 7454660848607750165

226 qw the Shooter (level 6, 0/46 HPs)
             Began as a Djinni Hunter on Jan 23, 2024.
             Slain by a ball python (2 damage)
             ... in a sewer.
             The game lasted 00:00:07 (1870 turns).

qw the Shooter (Djinni Hunter)                      Turns: 1870, Time: 00:00:07

Health: 0/46       AC:  6    Str: 10    XL:     6   Next: 21%
Gold:   142        EV: 11    Int: 11    God:
                   SH:  0    Dex: 18

rFire   + + .        a - +1 shortbow
rCold   . . .        (shield currently unavailable)
rNeg    . . .        f - +0 ring mail "Deer" {rC+}
rPois   inf          (no helmet)
rElec   .            (no cloak)
rCorr   .            h - +0 pair of gloves
SInv    .            (boots unavailable)
Will    .....        (no amulet)
Stlth   +            (no ring)
HPRegen 0.27/turn    (no ring)
MPRegen 0.00/turn

%: infuse magic (-1 HP)
@: about to teleport, flying
A: sickness immunity, fire resistance 2, cold vulnerability 1, float, innate
caster, HP casting, extra vitality 1
a: no special abilities


You were in a sewer.
You visited 1 branch of the dungeon, and saw 3 of its levels.
You also visited: Sewer.

You collected 142 gold pieces.


Innate Abilities, Weirdness & Mutations

You are immune to sickness and miasma.
You are immune to poison.
Your flesh is very heat resistant. (rF++)
You are vulnerable to cold. (rC-)
You float through the air rather than walking.
You learn spells naturally, not from books.
Your magical power is your life essence.
You have superior vitality. (+4 MHP)


   Skills:
 - Level 3.0 Fighting
 - Level 5.3 Ranged Weapons
 - Level 1.0 Armour
 + Level 2.4 Dodging
 - Level 0.7 Stealth


You knew the following spells:

 Your Spells              Type           Power      Damage    Failure   Level
a - Sandblast             Erth           0%         2d4       65%         1
b - Momentum Strike       Conj/Tloc      0%         3d8       80%         2
Your spell library was empty.

Inventory:

Hand Weapons
 a - a +1 shortbow (weapon)
Armour
 f - the +0 ring mail "Deer" (worn) {rC+}
   (You found it on level 3 of the Dungeon)

   rC+:       It protects you from cold.
 h - a +0 pair of gloves (worn)
Potions
 b - a potion of resistance {unknown}
 c - 3 potions of enlightenment
 e - a potion of degeneration {unknown}
 g - a potion of mutation {unknown}

Dungeon Overview and Level Annotations

Branches:
Dungeon (3/15)              Sewer (1/1)

Altars:
Cheibriados
Elyvilon
Xom


Message History

The crocodile closely misses you.
You shoot an arrow. The arrow barely misses the crocodile.
The crocodile barely misses you.
You shoot an arrow. The arrow misses the crocodile.
The crocodile barely misses you.
The crocodile bites you but does no damage.
You shoot an arrow.
The arrow hits the crocodile but does no damage.
The crocodile is severely wounded.
The crocodile bites you. The crocodile drags you backwards!
You shoot an arrow. The arrow hits the crocodile.
The crocodile is almost dead.
The crocodile completely misses you.
You shoot an arrow.
The arrow hits the crocodile but does no damage.
The crocodile is severely wounded.
The crocodile closely misses you.
You shoot an arrow. The arrow closely misses the crocodile.
The crocodile closely misses you. The crocodile bites you!
1866 ||| READING 2 scrolls of teleportation.
As you read the scroll of teleportation, it crumbles to dust.
You feel strangely unstable. The crocodile closely misses you.
You shoot an arrow. The arrow hits the crocodile.
The crocodile is almost dead.
The crocodile bites you!
You shoot an arrow.
The arrow hits the crocodile but does no damage.
The crocodile is almost dead.
Your surroundings suddenly seem different.
A frilled lizard and a ball python come into view.
The ball python hisses angrily.
The frilled lizard hisses angrily.
You shoot an arrow.
The arrow closely misses the frilled lizard.
The frilled lizard hisses.
1870 ||| READING scroll of teleportation.
As you read the scroll of teleportation, it crumbles to dust.
You feel strangely unstable. The ball python bites you.
You die...

###############
###############
~~~~~~~~~~~~~~~
~~~~~~~~~~~~~~~
~~~~~~~~~~~~~
#~~~~~~l~~~~
+.~~~~~~~~~~
#.~~@S~~~~~~ #..#
#.~~~~~~~~~~ #..#
#.~~~~~~~~~~ #
#..###~~~~~~~~~~~
########..#~~~~~~~~~~~~~
~~~~~~~~~~~~~~~~~~~~~~~~
########..#~~~~~~~~~~~~~
..~~# #.l###~~~~~~~~~~~
##~~# ##.#


You could see a ball python and a frilled lizard.

Vanquished Creatures
  A crocodile (Sewer)
  A sickly merfolk siren (Sewer)
  A malarious merfolk avatar (Sewer)
  2 adders
  A river rat (Sewer)
  2 dart slugs
  2 ribbon worms (D:2)
  3 bats
  5 endoplasms
  A giant cockroach (Sewer)
  A goblin (D:2)
  2 hobgoblins
  5 jackals
  3 quokkas
  10 ball pythons
  8 frilled lizards
  A kobold (D:1)
  24 rats
73 creatures vanquished.

Notes
Turn   | Place    | Note
-------+----------+-------------------------------------------
     0 | D:1      | qw the Djinni Hunter began the quest for the Orb.
     0 | D:1      | Reached XP level 1. HP: 18/18 MP: 0/0
     0 | D:1      | 0 ||| qw: Version: 0.3-a-135-gb77e89d
     0 | D:1      | 0 ||| qw: Game counter: 909
     0 | D:1      | 0 ||| qw: Melee chars always use a shield: true
     0 | D:1      | 0 ||| qw: God list: Okawaru
     0 | D:1      | 0 ||| qw: Allow faded altars: false
     0 | D:1      | 0 ||| qw: Do Orc after clearing Dungeon:15 true
     0 | D:1      | 0 ||| qw: Do second Lair branch before Depths: true
     0 | D:1      | 0 ||| qw: Lair rune preference: random
     0 | D:1      | 0 ||| qw: Goals: Normal
     0 | D:1      | 0 ||| PLANNING D:1-11
    65 | D:1      | Reached XP level 2. HP: 23/23 MP: 0/0
   679 | D:1      | 679 ||| DROPPING scroll of butterflies.
   692 | D:2      | Found a white marble altar of Elyvilon.
   727 | D:2      | Reached skill level 4 in Ranged Weapons
   727 | D:2      | Reached XP level 3. HP: 28/28 MP: 0/0
   727 | D:2      | Learned a level 1 spell: Sandblast
  1109 | D:2      | 1109 ||| UPGRADING to +0 pair of gloves.
  1114 | D:2      | 1114 ||| READING scroll labelled JIWOUV XACIOH.
  1114 | D:2      | 1114 ||| ENCHANTING +0 shortbow.
  1115 | D:2      | 1115 ||| READING scroll labelled SEM ATAULO.
  1216 | D:2      | 1216 ||| READING scroll labelled BUDOOM FYI.
  1217 | D:2      | 1217 ||| READING scroll labelled ERIATENUMAH.
  1222 | D:2      | 1222 ||| READING scroll labelled DYMECINGAQ.
  1223 | D:2      | 1223 ||| DRINKING 3 bubbling amethyst potions.
  1250 | D:3      | 1250 ||| PLANNING SEWER
  1275 | D:3      | Reached XP level 4. HP: 34/34 MP: 0/0
  1310 | D:3      | Reached skill level 3 in Fighting
  1314 | D:3      | Identified the +0 ring mail "Deer" {rC+}
  1334 | D:3      | Found a shimmering altar of Xom.
  1336 | D:3      | Found a snail-covered altar of Cheibriados.
  1497 | D:3      | Found a glowing drain.
  1498 | D:3      | 1498 ||| UPGRADING to +0 ring mail "Deer" {rC+}.
  1508 | D:3      | 1508 ||| DROPPING +0 leather armour.
  1512 | Sewer    | Entered a sewer
  1563 | Sewer    | Reached skill level 1 in Armour
  1630 | Sewer    | HP: 7/35 [sickly merfolk siren (13)]
  1631 | Sewer    | 1631 ||| DRINKING 2 potions of heal wounds.
  1635 | Sewer    | 1635 ||| DRINKING potion of heal wounds.
  1653 | Sewer    | Reached XP level 5. HP: 21/40 MP: 0/0
  1653 | Sewer    | Learned a level 2 spell: Momentum Strike
  1812 | Sewer    | Noticed a crocodile
  1813 | Sewer    | 1813 ||| RETREEEEATING.
  1815 | Sewer    | 1815 ||| RETREEEEATING.
  1818 | Sewer    | Noticed a crocodile
  1843 | Sewer    | Killed a crocodile
  1844 | Sewer    | Reached skill level 5 in Ranged Weapons
  1844 | Sewer    | Reached XP level 6. HP: 23/46 MP: 0/0
  1865 | Sewer    | HP: 8/46 [crocodile (12)]
  1866 | Sewer    | 1866 ||| READING 2 scrolls of teleportation.
  1867 | Sewer    | HP: 1/46 [crocodile (8)]
  1870 | Sewer    | 1870 ||| READING scroll of teleportation.
  1870 | Sewer    | Slain by a ball python

Levels and vault maps discovered:
D:1:      roderic_crossed_star, layout_basic, minmay_misc_feat_five
D:2:      layout_rooms, basic_altar
D:3:      layout_rooms, xom_butterflies, kennysheep_slug_shrine,
          mainiacjoe_sewer_entry_somewhere_in_here_2, serial_curves,
          eino_curves_04, eino_curves_02, minmay_distorted, uniq_terence
Sewer:    sewer_sea

Skill      XL: |  1  2  3  4  5 |
---------------+----------------+-----
Ranged Weapons | 4 5 |  5.3
Fighting       | 3 |  3.0
Armour         | 1 |  1.0
Dodging        | |  2.4
Stealth        | |  0.7

Action                     |  1- 3 |  4- 6 || total
---------------------------+-------+-------++-------
   Fire: Shortbow          |    88 |   149 ||   237
    Use: Scroll            |     5 |     2 ||     7
         Potion            |     1 |     2 ||     3
 Armour: Leather armour    |    15 |     3 ||    18
         Ring mail         |       |    37 ||    37
  Dodge: Dodged            |    25 |    41 ||    66

Table legend:
 A = Non-vault XP
 B = Vault XP
 C = Vault XP percentage of total XP
 D = Non-vault monster count
 E = Vault monster count
 F = Vault count percentage of total count
                 A         B        C        D         E       F
            +---------+---------+-------+---------+---------+-------
      Total |      73 |     250 |  77.4 |      33 |      40 |  54.8
            +---------+---------+-------+---------+---------+-------
        D:1 |      25 |       0 |   0.0 |      14 |       0 |   0.0
        D:2 |      36 |       0 |   0.0 |      12 |       0 |   0.0
        D:3 |      12 |      10 |  45.5 |       7 |       7 |  50.0
      Sewer |       0 |     240 | 100.0 |       0 |      33 | 100.0
            +---------+---------+-------+---------+---------+-------
